 Dungeon Crawl Stone Soup version 0.26-a0-505-g732bf3b8d2 (webtiles) character file.

Game seed: 14487169389348061571

(classic levelgen) 74 EnegeticOcto the Sneak (level 4, -2/24 HPs)
             Began as a Kobold Wanderer on Aug 9, 2020.
             Slain by Grinder (6 damage)
             ... while paralysed by Grinder
             ... on level 3 of the Dungeon on Aug 10, 2020.
             The game lasted 00:10:06 (3587 turns).

EnegeticOcto the Sneak (Kobold Wanderer)            Turns: 3587, Time: 00:10:06

Health: -2/24      AC:  3    Str: 10    XL:     4   Next: 52%
Magic:  5/5        EV:  3    Int: 14    God:
Gold:   96         SH:  0    Dex: 13    Spells: 3/5 levels left

rFire    . . .     SeeInvis .   k - +1 short sword (venom)
rCold    . . .     Faith    .   (shield restricted)
rNeg     . . .     Spirit   .   d - +0 robe
rPois    .         Reflect  .   (no helmet)
rElec    .         Harm     .   (no cloak)
rCorr    .                      i - +0 pair of gloves
MR       .....                  (no boots)
Stlth    +++.......             (no amulet)
HPRegen  0.08/turn              (no ring)
MPRegen  0.09/turn              (no ring)

@: paralysed
A: small, nightstalker 3
a: no special abilities


You were on level 3 of the Dungeon.
You visited 1 branch of the dungeon, and saw 3 of its levels.

You collected 96 gold pieces.

Inventory:

Hand Weapons
 b - a +0 short sword
 j - a +0 long sword
 k - a +1 short sword of venom (weapon)
Armour
 d - a +0 robe (worn)
 i - a +0 pair of gloves (worn)
Scrolls
 c - a scroll of enchant weapon {unknown}
 e - a scroll of identify {unknown}
 h - a scroll of remove curse {unknown}
Potions
 a - a potion of lignification {@q6}
 f - 2 potions of curing {unknown}
 g - a potion of brilliance {unknown}
 l - a potion of heal wounds {unknown}


   Skills:
 + Level 0.3 Fighting
 + Level 0.6 Short Blades
   Level 2.4 Crossbows
 - Level 1.0 Armour
 + Level 3.1 Stealth
   Level 1.0 Shields
 - Level 1.1 Spellcasting
 - Level 3.0 Summonings
 - Level 3.0 Ice Magic
   Level 1.0 Earth Magic


You had 3 spell levels left.
You knew the following spells:

 Your Spells              Type           Power        Failure   Level
a - Freeze                Ice            #...         8%          1
b - Summon Small Mammal   Summ           #...         8%          1

Your spell library contained the following spells:

 Spells                   Type           Power        Failure   Level
 Call Imp                 Summ           #.......     12%         2
 Call Canine Familiar     Summ           #.......     22%         3
 Frozen Ramparts          Ice            #.....       22%         3
 Summon Guardian Golem    Hex/Summ       #.......     38%         3
 Summon Ice Beast         Ice/Summ       #.......     58%         4
 Summon Lightning Spire   Summ/Air       #.......     80%         4


Dungeon Overview and Level Annotations

Branches:
Dungeon (3/15)

Altars:

Annotations:
D:3 Grinder


Innate Abilities, Weirdness & Mutations

You are small and have problems with some larger weapons.
You are completely attuned to the shadows.


Message History

Found a mace.
You see here a mace.
l - a purple potion A giant cockroach comes into view.
A giant cockroach is nearby!
The helpless giant cockroach fails to defend itself.
You hit the giant cockroach.
You kill the giant cockroach!
A giant cockroach comes into view.
A giant cockroach is nearby!
A giant cockroach is nearby!
A kobold comes into view.
The kobold shouts!
The giant cockroach misses you.
You closely miss the giant cockroach. The giant cockroach misses you.
The kobold hits you but does no damage.
You hit the giant cockroach.
The giant cockroach is poisoned.
The giant cockroach is almost dead.
You kill the giant cockroach!
The kobold hits you but does no damage.
You hit the kobold.
You kill the kobold!
You see here 5 stones.
Found a ring mail.
You see here a ring mail.
You see here 5 stones.
Done exploring.
Done exploring.
Done exploring.
Search for what [Enter for "."]? .
(D) Dungeon
Where to? (Enter - D:2, ? - help)
You see here 5 stones.
There is an escape hatch in the floor here.
There is a stone staircase leading down here.
You climb downwards.
Found a robe.
There is a stone staircase leading up here.
An orc comes into view. It is wielding a -2 club.
The orc shouts!
You hear an angry hiss.
The orc misses you.
Found 13 gold pieces.
You barely miss the orc. The orc hits you but does no damage.
An orc is nearby!
You hit the orc but do no damage.
The orc is poisoned.
The orc completely misses you.
You hit the orc.
You kill the orc!
No target in view!
You see here a cursed -2 club.
You now have 96 gold pieces (gained 13). 2 gnolls come into view.
The gnoll shouts!
You hear a shout! x3; You hear an angry hiss.
You hear a shout!
A frilled lizard comes into view.
The gnoll barely misses you.
A gnoll comes into view. It is wielding a +0 spear.
You hear a bark!
Found 8 gold pieces.
There are monsters nearby!
A gnoll comes into view. It is wielding a +0 club.
A rat comes into view.
A rat comes into view. x2
The rat barely misses you.
You hit the rat.
You kill the rat!
The frilled lizard barely misses you. The rat completely misses you.
The gnoll enters a dispersal trap!
The gnoll blinks!
The rat blinks! x2
The frilled lizard blinks!
You blink.
The gnoll blinks!
A rat comes into view. x2
The rat bites you but does no damage. The rat barely misses you.
The rat closely misses you.
The rat enters a dispersal trap!
The rat blinks!
The frilled lizard blinks!
The rat blinks! x2; You blink.
The gnoll misses you.
Grinder comes into view.
Grinder shouts!
You hear an angry hiss.
The gnoll hits you from afar with a +0 spear.
You hear a shout!
Okay, then.
An adder comes into view.
Grinder closely misses you.
The gnoll hits you from afar with a +0 spear.
Grinder gestures at you.
You barely resist.
A kobold comes into view. It is wielding a +0 dagger.
A quokka comes into view.
The gnoll hits you from afar with a +0 spear.
Found an onyx ring.
A rat comes into view.
Found 23 arrows.
You see here 23 arrows.
Grinder gestures at you.
You suddenly lose the ability to move!
The rat bites you.
An adder comes into view.
The rat bites you. Grinder hits you!
* * * LOW HITPOINT WARNING * * *
You writhe in agony.
You die...

#.# #.. . .. .. .
#.#.#.#.. .........#
.#.#@#.#.# ...5rg...#
#.#.#.#.# ....g.l....
#.#.#.#.#.# .g .$
....rgl..... #.#.#.#
#.#.#.#.#.# ..gg...
r........=..
.ยง#.#.#.#.#.#.#.#.#.


You could see Grinder, 2 gnolls, a frilled lizard and a rat.

Vanquished Creatures
  3 dart slugs
  2 leopard geckos (D:1)
  An orc (D:3)
  8 bats
  2 giant cockroaches (D:2)
  11 goblins
  9 hobgoblins
  8 kobolds
  A quokka (D:2)
  A frilled lizard (D:2)
  4 rats
50 creatures vanquished.

Vanquished Creatures (collateral kills)
  Robin (D:1)
  A goblin (D:1)
  A hobgoblin (D:1)
3 creatures vanquished.

Grand Total: 53 creatures vanquished

Notes
Turn   | Place    | Note
-------+----------+-------------------------------------------
     0 | D:1      | EnegeticOcto the Kobold Wanderer began the quest for the
                  | Orb.
     0 | D:1      | EnegeticOcto set off with the following items: a +0 dagger,
                  | a potion of lignification {@q6}, a +0 robe; and the
                  | following spells available to memorise: Summon Small
                  | Mammal, Call Imp, Freeze, Call Canine Familiar, Summon
                  | Guardian Golem, Frozen Ramparts, Summon Ice Beast, Summon
                  | Lightning Spire
     0 | D:1      | Reached XP level 1. HP: 10/10 MP: 2/2
     2 | D:1      | Learned a level 1 spell: Freeze
     4 | D:1      | Learned a level 1 spell: Summon Small Mammal
   183 | D:1      | Reached skill level 2 in Stealth
   326 | D:1      | Reached XP level 2. HP: 15/15 MP: 3/3
   358 | D:1      | Reached skill level 1 in Ice Magic
  1187 | D:1      | Reached XP level 3. HP: 19/19 MP: 1/4
  1290 | D:1      | Reached skill level 3 in Stealth
  1501 | D:1      | Reached skill level 2 in Ice Magic
  1589 | D:2      | Noticed Robin
  1717 | D:1      | Killed Robin
  2008 | D:2      | Reached XP level 4. HP: 10/24 MP: 0/5
  2691 | D:2      | Reached skill level 3 in Ice Magic
  3569 | D:3      | Noticed Grinder
  3584 | D:3      | Paralysed by Grinder for 5 turns
  3587 | D:3      | Slain by Grinder

Illustrated notes

Levels and vault maps discovered:
D:1:      nzn_arrival_crosshair, layout_basic, serial_bayou_pond_a
D:2:      layout_loops_cross, minmay_tetromino_l2, uniq_robin
D:3:      layout_rooms, hex_large, minmay_rat_hole, uniq_grinder,
          uniq_crazy_yiuf_cottage

Skill      XL: |  1  2  3  4 |
---------------+-------------+-----
Stealth        | 2 3 |  3.1
Ice Magic      | 1 2 3 |  3.0
Fighting       | |  0.3
Short Blades   | |  0.6
Crossbows      | |  2.4
Armour         | |  1.0
Shields        | |  1.0
Spellcasting   | |  1.1
Summonings     | |  3.0
Earth Magic    | |  1.0

Action                   |  1- 3 |  4- 6 || total
-------------------------+-------+-------++-------
Melee: Dagger            |     8 |       ||     8
       Short sword       |    44 |    27 ||    71
       Unarmed           |     3 |       ||     3
       Long sword        |       |     1 ||     1
 Cast: Summon Small Mamm |    21 |     8 ||    29
       Freeze            |    22 |    18 ||    40
  Use: Potion            |     1 |       ||     1
 Stab: Sleeping          |     7 |     4 ||    11
Armor: Robe              |     7 |     8 ||    15
       Skin              |     9 |       ||     9
Dodge: Dodged            |    45 |    26 ||    71

Table legend: (Time is in decaauts)
 A = Elapsed time spent in this place.
 B = Non-inter-level travel time spent in this place.
 C = Inter-level travel time spent in this place.
 D = Time resting spent in this place.
 E = Time spent auto-exploring this place.
 F = Levels seen in this place.
 G = Mean time per level.
                   A        B        C        D        E       F      G
               +--------+--------+--------+--------+--------+-----+--------+
         Total |   3596 |   3478 |    118 |    633 |   2136 |   3 | 1198.7 |
       Dungeon |   3596 |   3478 |    118 |    633 |   2136 |   3 | 1198.7 |
               +--------+--------+--------+--------+--------+-----+--------+

Top non-repeatable levels by time:
     D:1: 1947 daAuts
     D:2: 1598 daAuts
     D:3: 50 daAuts
